General information
			
			
        
        - name: BNet
 
        - type: Ladder team game (AT/RT)
 
        - host: Battle.net
 
        - saver: TALONSAREIMBA
 
        
map: TurtleRock 
        - players: 4
 
        - length: 25:00
 
        - speed: Fast
 - version: 1.22 W3XP
 - replay type:  Public
 
» download(38 KB)
Players
        team 1 (winner) 
              
              
MSM. (
red | 119 APM | 2973 actions | 25:00)
              
 5 Far Seer 
 2 Feral Spirit
 3 Chain Lighting
 4 Tauren Chieftain 
 2 War Stomp
 2 Endurance Aura
 
                » actions 
                
                | Assign group hotkey | 89 |  | 
| Basic commands | 19 |  | 
| Build / train | 85 |  | 
| Enter build submenu | 22 |  | 
| Enter hero's abilities submenu | 9 |  | 
| Remove unit from queue | 2 |  | 
| Right click | 1631 |  | 
| Select / deselect | 404 |  | 
| Select group hotkey | 586 |  | 
| Use ability | 126 |  | 
                2973 total
 » units 
                
                | Peon | 8 |  | 
| Grunt | 14 |  | 
| Raider | 7 |  | 
| Troll Headhunter/Berserker | 1 |  | 
| Kodo Beast | 1 |  | 
| Spirit Walker | 1 |  | 
                32 total
 » upgrades
                
                | Berserker Strength | 1 |  | 
| Armor | 2 |  | 
| Melee Weapons | 3 |  | 
| Ensnare | 1 |  | 
| Reinforced Defenses | 1 |  | 
| Spirit Walker Training | 1 |  | 
                9 total
 » buildings
                
                | Altar of Storms | 1 |  | 
| Orc Burrow | 6 |  | 
| Barracks | 1 |  | 
| Stronghold | 1 |  | 
| Voodoo Lounge | 1 |  | 
| War Mill | 1 |  | 
| Beastiary | 1 |  | 
| Fortress | 1 |  | 
| Spirit Lodge | 1 |  | 
| Great Hall | 2 |  | 
| Watch Tower | 6 |  | 
                22 total
 » build order
                00:03 Altar of Storms
00:08 Orc Burrow
00:48 Barracks
01:33 Orc Burrow
02:22 Stronghold
02:58 Voodoo Lounge
03:06 Orc Burrow
03:47 War Mill
05:29 Beastiary
06:12 Orc Burrow
09:34 Orc Burrow
12:17 Fortress
15:18 Orc Burrow
18:53 Spirit Lodge
19:52 Great Hall
21:10 Great Hall
21:11 Watch Tower
21:12 Watch Tower
23:09 Watch Tower
23:09 Watch Tower
23:10 Watch Tower
23:10 Watch Tower
» items
                
                | Healing Salve | 4 |  | 
| Lesser Clarity Potion | 8 |  | 
| Scroll of Speed | 6 |  | 
| Potion of Healing | 4 |  | 
| Potion of Mana | 2 |  | 
| Scroll of Town Portal | 1 |  | 
| Scroll of Protection | 1 |  | 
                26 total
  
               
              
              
TPF (
blue | 72 APM | 1796 actions | 25:00)
              
 6 Dark Ranger 
 3 Black Arrow
 2 Silence
 1 Charm
 5 Pandaren Brewmaster 
 3 Breath of Fire
 2 Drunken Haze
 
                » actions 
                
                | Assign group hotkey | 82 |  | 
| Basic commands | 25 |  | 
| Build / train | 68 |  | 
| Enter build submenu | 14 |  | 
| Enter hero's abilities submenu | 11 |  | 
| Give item / drop item | 1 |  | 
| Remove unit from queue | 1 |  | 
| Right click | 816 |  | 
| Select / deselect | 397 |  | 
| Select group hotkey | 248 |  | 
| Use ability | 133 |  | 
                1796 total
 » units 
                
                | Wisp | 12 |  | 
| Archer | 5 |  | 
| Dryad | 13 |  | 
| Mountain Giant | 2 |  | 
| Druid of the Claw | 2 |  | 
                34 total
 » upgrades
                
                | Improved Bows | 1 |  | 
| Abolish Magic | 1 |  | 
| Druid of the Claw Training | 1 |  | 
                3 total
 » buildings
                
                | Altar of Elders | 1 |  | 
| Moon Well | 5 |  | 
| Ancient of War | 1 |  | 
| Tree of Ages | 1 |  | 
| Ancient of Wonders | 2 |  | 
| Hunter's Hall | 1 |  | 
| Ancient of Lore | 2 |  | 
                13 total
 » build order
                00:15 Altar of Elders
00:20 Moon Well
01:28 Ancient of War
02:30 Tree of Ages
02:34 Ancient of Wonders
02:36 Moon Well
03:20 Hunter's Hall
05:39 Ancient of Lore
05:39 Ancient of Lore
05:55 Moon Well
06:02 Ancient of Wonders
07:00 Moon Well
07:35 Moon Well
» items
                
                | Scroll of Town Portal | 3 |  | 
| Staff of Preservation | 2 |  | 
| Potion of Healing | 4 |  | 
| Potion of Mana | 3 |  | 
| Lesser Clarity Potion | 1 |  | 
| Healing Salve | 1 |  | 
                14 total
  
               team 2 (loser) 
              
              
» 
bomboy (
green | 80 APM | 2011 actions | 24:59)
              
 5 Death Knight 
 3 Death Coil
 2 Unholy Aura
 3 Crypt Lord 
 2 Carrion Beetles
 1 Impale
 
                » actions 
                
                | Assign group hotkey | 71 |  | 
| Basic commands | 227 |  | 
| Build / train | 77 |  | 
| ESC pressed | 1 |  | 
| Enter build submenu | 18 |  | 
| Enter hero's abilities submenu | 8 |  | 
| Give item / drop item | 2 |  | 
| Right click | 714 |  | 
| Select / deselect | 575 |  | 
| Select group hotkey | 251 |  | 
| Use ability | 67 |  | 
                2011 total
 » units 
                
                | Acolyte | 7 |  | 
| Ghoul | 7 |  | 
| Crypt Fiend | 16 |  | 
| Abomination | 11 |  | 
                41 total
 » upgrades
                
                | Creature Attack | 3 |  | 
| Creature Carapace | 1 |  | 
| Disease Cloud | 1 |  | 
| Unholy Armor | 1 |  | 
| Destroyer Form | 1 |  | 
                7 total
 » buildings
                
                | Altar of Darkness | 1 |  | 
| Crypt | 1 |  | 
| Ziggurat | 7 |  | 
| Graveyard | 2 |  | 
| Tomb of Relics | 1 |  | 
| Nerubian Tower | 1 |  | 
| Halls of the Dead | 3 |  | 
| Black Citadel | 1 |  | 
| Slaughterhouse | 1 |  | 
| Spirit Tower | 1 |  | 
                19 total
 » build order
                00:07 Altar of Darkness
00:08 Crypt
00:25 Ziggurat
01:00 Graveyard
01:30 Tomb of Relics
01:55 Ziggurat
02:11 Nerubian Tower
03:52 Halls of the Dead
03:53 Halls of the Dead
03:53 Halls of the Dead
04:13 Ziggurat
07:04 Black Citadel
07:40 Ziggurat
07:57 Slaughterhouse
08:17 Ziggurat
15:31 Spirit Tower
19:26 Graveyard
19:37 Ziggurat
19:38 Ziggurat
» items
                
                | Rod of Necromancy | 2 |  | 
| Potion of Healing | 1 |  | 
| Potion of Mana | 2 |  | 
| Orb of Corruption | 1 |  | 
                6 total
  
               
              
              
TALONSAREIMBA (
teal | 129 APM | 3221 actions | 25:00)
              
 5 Death Knight 
 3 Death Coil
 2 Unholy Aura
 5 Lich 
 3 Frost Nova
 2 Dark Ritual
 
                » actions 
                
                | Assign group hotkey | 55 |  | 
| Basic commands | 256 |  | 
| Build / train | 72 |  | 
| ESC pressed | 3 |  | 
| Enter build submenu | 18 |  | 
| Enter hero's abilities submenu | 12 |  | 
| Give item / drop item | 2 |  | 
| Right click | 1333 |  | 
| Select / deselect | 735 |  | 
| Select group hotkey | 603 |  | 
| Use ability | 132 |  | 
                3221 total
 » units 
                
                | Acolyte | 3 |  | 
| Ghoul | 11 |  | 
| Crypt Fiend | 12 |  | 
| Necromancer | 4 |  | 
| Banshee | 1 |  | 
| Meatwagon | 2 |  | 
                33 total
 » upgrades
                
                | Burrow | 1 |  | 
| Necromancer Training | 2 |  | 
| Banshee Training | 1 |  | 
| Skeletal Longevity | 1 |  | 
| Exhume Corpses | 1 |  | 
                6 total
 » buildings
                
                | Crypt | 1 |  | 
| Graveyard | 1 |  | 
| Altar of Darkness | 1 |  | 
| Ziggurat | 5 |  | 
| Tomb of Relics | 2 |  | 
| Nerubian Tower | 1 |  | 
| Halls of the Dead | 2 |  | 
| Black Citadel | 2 |  | 
| Sacrificial Pit | 1 |  | 
| Spirit Tower | 3 |  | 
| Necropolis | 1 |  | 
| Temple of the Damned | 2 |  | 
| Slaughterhouse | 1 |  | 
                23 total
 » build order
                00:04 Crypt
00:17 Graveyard
00:41 Altar of Darkness
00:56 Ziggurat
01:23 Tomb of Relics
02:02 Ziggurat
03:15 Nerubian Tower
04:27 Halls of the Dead
05:14 Ziggurat
06:39 Ziggurat
07:28 Black Citadel
08:15 Sacrificial Pit
08:27 Ziggurat
08:48 Spirit Tower
08:49 Spirit Tower
08:57 Spirit Tower
09:34 Necropolis
11:35 Halls of the Dead
13:57 Temple of the Damned
14:08 Temple of the Damned
14:47 Tomb of Relics
18:43 Black Citadel
20:41 Slaughterhouse
» items
                
                | Rod of Necromancy | 3 |  | 
| Dust of Appearance | 1 |  | 
| Potion of Mana | 2 |  | 
| Scroll of Town Portal | 6 |  | 
| Orb of Corruption | 1 |  | 
                13 total
  
                Chat log
          (00:16 / Allies) bomboy: what you going?
(00:22 / Allies) TALONSAREIMBA: fiend
(00:42 / Allies) bomboy: i'll go fiends too 
(00:44 / Allies) bomboy: lol
(00:45 / Allies) TALONSAREIMBA: they gonna come with
(00:48 / Allies) TALONSAREIMBA: dh/bm
(00:50 / Allies) TALONSAREIMBA: and harass
(06:21 / Allies) TALONSAREIMBA: back
(08:31 / Allies) bomboy: lets hit orc
(09:05 / Allies) TALONSAREIMBA: tp
(17:59 / Allies) TALONSAREIMBA: fs
(18:09 / Allies) bomboy: heal
(19:59 / Allies) bomboy: ready?
(20:25 / Allies) bomboy: out
(20:34 / Allies) TALONSAREIMBA: i need wagons
(21:26 / Allies) TALONSAREIMBA: wood?
(23:22 / Allies) bomboy: o think its gg
(23:24 / Allies) bomboy: i
(24:54 / Allies) TALONSAREIMBA: lol